 Dungeon Crawl Stone Soup version 0.29-a0-1027-gcd8c55af63 (webtiles) character file.

Game seed: 16710245508902456828

886 MisterAzrael the Reanimator (level 7, -2/36 HPs)
             Began as a Deep Elf Necromancer on Aug 13, 2022.
             Slain by a bullfrog (7 damage)
             ... in a sewer.
             The game lasted 00:06:49 (5347 turns).

MisterAzrael the Reanimator (Deep Elf Necromancer)  Turns: 5347, Time: 00:06:50

Health: -2/36      AC:  2    Str:  5    XL:     7   Next: 76%
Magic:  2/19       EV: 12    Int: 22    God:
Gold:   247        SH:  0    Dex: 15    Spells: 12/20 levels left

rFire   + . .      SeeInvis .   i - +0 short sword (elec)
rCold   x . .      Faith    .   (no shield)
rNeg    . . .      Spirit   .   a - +0 robe
rPois   +          Reflect  .   (no helmet)
rElec   .          Harm     .   (no cloak)
rCorr   .          Rampage  .   (no gloves)
Will    .....                   (no boots)
Stlth   ++........              (no amulet)
HPRegen 0.12/turn               m - ring of fire
MPRegen 0.16/turn               u - ring of poison resistance

@: animating dead
A: no striking features
a: no special abilities


You were in a sewer.
You visited 1 branch of the dungeon, and saw 5 of its levels.
You also visited: Sewer.

You collected 247 gold pieces.

Inventory:

Hand Weapons
 i - a +0 short sword of electrocution (weapon)
 y - a +0 rapier
Armour
 a - a +0 robe (worn)
Jewellery
 m - a ring of fire (left hand)
 u - a ring of poison resistance (right hand)
Wands
 s - a wand of quicksilver (7)
 t - a wand of charming (12)
Scrolls
 c - 2 scrolls of identify {unknown}
 d - a scroll of immolation {unknown}
 g - a scroll of noise {unknown}
 h - a scroll of enchant armour {unknown}
 j - 2 scrolls of poison {unknown}
 l - 2 scrolls of torment {unknown}
 o - a scroll of fear {unknown}
 p - 2 scrolls of teleportation {unknown}
 r - a scroll of vulnerability {unknown}
 w - a scroll of blinking
Potions
 b - a potion of magic
 e - a potion of cancellation {unknown}
 f - a potion of curing
 k - a potion of might {unknown}
 n - a potion of degeneration {unknown}
 q - 3 potions of heal wounds {unknown}
 v - 2 potions of haste {unknown}
 x - a potion of mutation {unknown}


   Skills:
 + Level 1.0 Short Blades
 - Level 2.4 Dodging
 - Level 2.4 Stealth
 + Level 7.1 Spellcasting
 * Level 9.9 Necromancy


You had 12 spell levels left.
You knew the following spells:

 Your Spells              Type           Power      Damage    Failure   Level
a - Necrotise             Necr           100%       1d9       1%          1
b - Animate Dead          Necr           51%        N/A       1%          4
c - Vampiric Draining     Necr           51%        2d9       1%          3

Your spell library contained the following spells:

 Spells                   Type           Power      Damage    Failure   Level
 Agony                    Necr           51%        N/A       3%          5
 Magic Dart               Conj           28%        1d4       9%          1
 Searing Ray              Conj           14%        2d5       12%         2
 Conjure Flame            Conj/Fire      11%        6-21      24%         3
 Ignite Poison            Fire/Tmut/Pois 11%        N/A       24%         3
 Fulminant Prism          Conj/Hex       3%         3d6       63%         4
 Sticky Flame             Conj/Fire      11%        2d3       63%         4


Dungeon Overview and Level Annotations

Branches:
Dungeon (5/15)              Sewer (1/1)
 Temple: D:4-7

Altars:
Cheibriados
Dithmenos
Gozag
Okawaru
Sif Muna
The Shining One

Annotations:
D:4 1 runed translucent door, Crazy Yiuf


Message History

Your adder zombie bites the ball python.
The ball python dies!
The dead are slithering!
Your unstable footing causes you to fumble your attack.
The bullfrog closely misses you.
You hear a splashing noise.
Your frilled lizard zombie completely misses the frilled lizard.
The frilled lizard bites your bullfrog zombie.
Your frilled lizard zombie closely misses the frilled lizard.
The bullfrog hits you!
Your adder zombie completely misses the frilled lizard.
Your ball python zombie bites the frilled lizard.
Your ball python zombie closely misses the frilled lizard.
You completely miss the bullfrog.
Your bullfrog zombie closely misses the bullfrog.
The bullfrog barely misses you.
The frilled lizard bites your ball python zombie.
The frilled lizard barely misses your bullfrog zombie.
Your frilled lizard zombie bites the frilled lizard.
Your frilled lizard zombie misses the frilled lizard.
Your adder zombie bites the frilled lizard.
The frilled lizard dies!
The dead are walking!
Your ball python zombie barely misses the frilled lizard.
Your ball python zombie grabs the frilled lizard.
Your ball python zombie constricts the frilled lizard.
The frilled lizard dies!
The dead are walking!
Your bullfrog zombie hits the bullfrog.
Your unstable footing causes you to fumble your attack.
The bullfrog misses you.
Your bullfrog zombie hits the bullfrog.
Your adder zombie bites the bullfrog.
The bullfrog hits you!
* * * LOW HITPOINT WARNING * * *
Your ball python zombie bites the giant cockroach but does no damage.
Your ball python zombie grabs the giant cockroach.
Your ball python zombie constricts the giant cockroach.
The bullfrog attacks as you move away! The bullfrog hits you.
* * * LOW HITPOINT WARNING * * *
Your bullfrog zombie misses the bullfrog.
The bullfrog hits you!
You die...

#~~~~#~~~~##≈≈~~~≈≈≈
##~~~.#~
##~~~##~~.##≈~~..~..≈
##~~~##
#.~~~#~~~~#≈~~.":=... #~.~~#
#∩.~~#~~~~#~~.Z[?.~~~ #†~~~#
#.~~†#..~~#~~.~$Z~~~. #~..~#
##..~##~..#.~~ZZ~.~~~
##~~~## #~~†~#~~~#~ZZZBZ~~~≈
##.~~.#~ ##~~.##.~##~F#
###~~~.##~
#~~~.##~~#.@#######~~~~.##~~
##.~~~#~.##...~~~.~~~.###†~~
##~~~.~~~#..~~~~~~####~~~~~
####~~~#######~∩~#~.~.~~.#
##~.#~~~~~#####~~..####
####~~†~~~~~~~†####~~∩
#~..#########~...~#
#~.~~~~~~~~~..∩.#
#~~~~~~~~~~.#####


You could see a bullfrog (ally target), 4 friendly frilled lizard zombies, a
friendly ball python zombie, a friendly adder zombie and a friendly bullfrog
zombie.

Vanquished Creatures
  Eustachio (D:5)
  2 black bears
  A bullfrog (Sewer)
  A scorpion (D:5)
  A jelly (D:5)
  An orc priest (D:4)
  4 hounds
  An iguana (D:5)
  7 adders
  2 ufetubi
  3 worms
  A dart slug (D:1)
  6 orcs
  9 ball pythons
  4 bats
  16 endoplasms
  11 giant cockroaches
  6 goblins
  5 hobgoblins
  6 jackals
  6 kobolds
  7 quokkas
  5 frilled lizards
  5 rats
111 creatures vanquished.

Vanquished Creatures (collateral kills)
  A hound (D:4)
  2 ball pythons (Sewer)
  An endoplasm (D:2)
  3 frilled lizards (Sewer)
7 creatures vanquished.

Grand Total: 118 creatures vanquished

Notes
Turn   | Place    | Note
-------+----------+-------------------------------------------
     0 | D:1      | MisterAzrael the Deep Elf Necromancer began the quest for
                  | the Orb.
     0 | D:1      | Reached XP level 1. HP: 10/10 MP: 6/6
    56 | D:1      | Reached skill level 5 in Necromancy
   185 | D:1      | Reached XP level 2. HP: 15/15 MP: 4/8
   900 | D:2      | Reached XP level 3. HP: 15/19 MP: 5/10
  1304 | D:2      | Found a faded altar of an unknown god.
  1307 | D:2      | Reached skill level 6 in Necromancy
  1824 | D:3      | Found a shadowy altar of Dithmenos.
  2184 | D:3      | Reached XP level 4. HP: 22/24 MP: 8/12
  2617 | D:4      | Noticed a black bear
  2652 | D:4      | Found a shimmering blue altar of Sif Muna.
  2653 | D:4      | Found a snail-covered altar of Cheibriados.
  2660 | D:4      | Found an opulent altar of Gozag.
  2704 | D:4      | Reached XP level 5. HP: 21/28 MP: 9/14
  2830 | D:4      | Found an iron altar of Okawaru.
  2875 | D:4      | Reached skill level 7 in Necromancy
  2937 | D:4      | Found a glowing golden altar of the Shining One.
  2941 | D:4      | Reached skill level 5 in Spellcasting
  3274 | D:4      | Identified the +4 kite shield "Fuckut" {Regen+ Dex+2}
  3535 | D:4      | Reached XP level 6. HP: 30/32 MP: 12/16
  3541 | D:4      | Learned a level 4 spell: Animate Dead
  3545 | D:4      | Learned a level 3 spell: Vampiric Draining
  3664 | D:4      | Reached skill level 8 in Necromancy
  3758 | D:4      | Found a runed translucent door.
  3759 | D:4      | Noticed Crazy Yiuf
  4010 | D:5      | Entered Level 5 of the Dungeon
  4238 | D:5      | Reached XP level 7. HP: 36/36 MP: 18/18
  4283 | D:5      | Noticed Eustachio
  4293 | D:5      | Killed Eustachio
  4294 | D:5      | Reached skill level 9 in Necromancy
  4404 | D:5      | Found a glowing drain.
  4546 | Sewer    | Entered a sewer
  5342 | Sewer    | Reached skill level 1 in Short Blades
  5347 | Sewer    | Slain by a bullfrog

Illustrated notes

Levels and vault maps discovered:
D:1:      dpeg_arrival_lava_temple_mockup, layout_rooms
D:2:      layout_rooms, hellmonk_ecumenical_altar_arch_garden
D:3:      layout_loops_cross, grunt_dithmenos_smoke
D:4:      layout_loops_cross, marbit_many_paths, grunt_temple_overflow_open,
          mainiacjoe_overflow_concentric_impassable, uniq_crazy_yiuf_cottage
D:5:      layout_loops_ring, nicolae_uskayaw_suspiria, portal_sewer_entry_a,
          uniq_eustachio
Sewer:    sewer_frog_island_02

Skill      XL: |  1  2  3  4  5  6  7 |
---------------+----------------------+-----
Necromancy     | 5 6 7 8 9 |  9.9
Spellcasting   | 4 5 6 7 |  7.1
Short Blades   | 1 |  1.0
Dodging        | |  2.4
Stealth        | |  2.4

Action                   |  1- 3 |  4- 6 |  7- 9 || total
-------------------------+-------+-------+-------++-------
Melee: Short sword       |     5 |     7 |    43 ||    55
 Cast: Necrotise         |    76 |    46 |     2 ||   124
       Vampiric Draining |       |     7 |    41 ||    48
       Animate Dead      |       |       |     2 ||     2
  Use: Potion            |     1 |       |     1 ||     2
 Stab: Sleeping          |     1 |     1 |       ||     2
Armor: Robe              |     3 |     5 |    16 ||    24
Dodge: Dodged            |    16 |    23 |    60 ||    99

Table legend: (Time is in decaauts)
 A = Elapsed time spent in this place.
 B = Non-inter-level travel time spent in this place.
 C = Inter-level travel time spent in this place.
 D = Time resting spent in this place.
 E = Time spent auto-exploring this place.
 F = Levels seen in this place.
 G = Mean time per level.
                   A        B        C        D        E       F      G
               +--------+--------+--------+--------+--------+-----+--------+
         Total |   5414 |   5301 |    113 |    369 |   4215 |   6 |  902.3 |
       Dungeon |   4550 |   4437 |    113 |    245 |   3648 |   5 |  910.0 |
         Sewer |    864 |    864 |      0 |    124 |    567 |   1 |  864.0 |
               +--------+--------+--------+--------+--------+-----+--------+

Top non-repeatable levels by time:
     D:4: 1421 daAuts
     D:2: 1009 daAuts
   Sewer: 864 daAuts
     D:3: 845 daAuts
     D:1: 732 daAuts
     D:5: 541 daAuts
